 Dungeon Crawl Stone Soup version 0.24-a0-434-gd57e52fea8 (webtiles) character file.

Game seed: 14211649946266282160

531609 Kisielow the Shatterer (level 26, -8/173 HPs)
             Began as a Gargoyle Fighter on June 17, 2019.
             Was a High Priest of Qazlal.
             Killed from afar by a deep elf high priest (34 damage)
             ... with damnation
             ... on level 3 of the Elven Halls.
             The game lasted 02:47:30 (54757 turns).

Kisielow the Shatterer (Gargoyle Fighter)          Turns: 54757, Time: 02:47:31

Health: -8/173     AC: 64    Str: 31    XL:     26   Next: 23%
Magic:  37/37      EV:  8    Int: 10    God:    Qazlal [*****.]
Gold:   4230       SH: 36    Dex:  9    Spells: 25/25 levels left

rFire    + + .     SeeInvis .   S - +9 demon whip (venom)
rCold    + + .     Gourm    .   w - +5 large shield
rNeg     + . .     Faith    +   Q - +9 scales of the Dragon King {rPois rF+ rC+ MR+}
rPois    ∞         Spirit   .   (no helmet)
rElec    +         Reflect  .   F - +0 cloak
rCorr    .         Harm     .   t - +2 pair of gloves
MR       +++..                  e - +0 pair of boots
Stlth    ..........             H - amulet of faith
HPRegen  0.38/turn              j - ring of protection from magic
MPRegen  0.25/turn              b - +4 ring of protection

@: flying, studying Armour, repel missiles
A: big wings, repulsion field 1, cold resistance 1, fire resistance 1, negative
energy resistance 1, electricity resistance, unbreathing, petrification
resistance, rot immunity, AC +20
}: 2/15 runes: barnacled, gossamer
a: Stop Flying, Upheaval, Elemental Force, Disaster Area, Renounce Religion


You were on level 3 of the Elven Halls.
You worshipped Qazlal.
Qazlal was extremely pleased with you.
You were very hungry.

You visited 9 branches of the dungeon, and saw 44 of its levels.
You visited 1 bazaar.
You also visited: Sewer.

You collected 6273 gold pieces.
You spent 2043 gold pieces at shops.

Inventory:

Hand Weapons
 S - a +9 demon whip of venom (weapon)
Armour
 e - a +0 pair of boots (worn)
 t - a +2 pair of gloves (worn)
 w - a +5 large shield (worn)
 F - a +0 cloak (worn)
 Q - the +9 scales of the Dragon King (worn) {rPois rF+ rC+ MR+}
   (You bought it in a shop on level 1 of the Orcish Mines)

   It protects you from fire.
   It protects you from cold.
   It protects you from poison.
   It affects your resistance to hostile enchantments.
Jewellery
 a - an uncursed ring of resist corrosion
 b - a +4 ring of protection (right hand)
 c - an uncursed ring of wizardry
 j - a ring of protection from magic (left hand)
 o - an uncursed ring of protection from fire
 u - a +2 ring of slaying
 H - an amulet of faith (around neck)
 I - an uncursed ring of see invisible
 L - a +5 ring of dexterity
 N - the ring "Loymappe" {rPois rC++ Slay+3 SInv Stlth-}
   (You took it off a deep elf master archer on level 3 of the Elven Halls)

   [ring of slaying]

   It affects your accuracy and damage with ranged weapons and melee attacks
   (+3).
   It greatly protects you from cold.
   It protects you from poison.
   It lets you see invisible.
   It makes you less stealthy.
 O - an uncursed ring of protection from cold
Wands
 p - a wand of scattershot (3)
 x - a wand of iceblast (57)
 y - a wand of polymorph (45)
 z - a wand of enslavement (11)
 D - a wand of disintegration (43)
 E - a wand of paralysis (60)
 G - a wand of acid (49)
Scrolls
 h - 26 scrolls of remove curse
 i - 22 scrolls of identify
 l - 18 scrolls of teleportation
 s - 2 scrolls of blinking
 A - a scroll of enchant weapon
 B - 2 scrolls of summoning
 C - 4 scrolls of magic mapping
 R - a scroll of silence
 T - 3 scrolls of fog
 W - a scroll of enchant armour
 Z - 4 scrolls of fear
Potions
 d - 2 potions of might
 g - 6 potions of cancellation
 k - 10 potions of curing
 m - 8 potions of magic
 q - 3 potions of resistance
 r - 6 potions of haste
 v - 10 potions of brilliance
 J - 8 potions of mutation
 K - 2 potions of agility
 M - 2 potions of heal wounds
 P - 3 potions of ambrosia
Books
 U - a manual of Armour
Miscellaneous
 n - 2 phantom mirrors
 V - a lightning rod (4/4)
Comestibles
 f - 72 rations


   Skills:
 + Level 19.8 Fighting
 * Level 24.1 Maces & Flails
 + Level 21.1 Armour
 + Level 19.6 Shields
 - Level 20.0 Invocations
 - Level 7.0 Evocations


You had 25 spell levels left.
You didn't know any spells.
Your spell library contained the following spells:

 Spells                   Type           Power        Failure   Level  Hunger
 Beastly Appendage        Tmut           #.....       100%        1    ##.....
 Corona                   Hex            #......      100%        1    ##.....
 Flame Tongue             Conj/Fire      #....        100%        1    ##.....
 Infusion                 Chrm           #...         100%        1    ##.....
 Magic Dart               Conj           #...         100%        1    ##.....
 Shock                    Conj/Air       #...         100%        1    ##.....
 Summon Butterflies       Summ           #.......     100%        1    ##.....
 Blink                    Tloc           N/A          100%        2    ###....
 Call Imp                 Summ           #.......     100%        2    ###....
 Corpse Rot               Necr           N/A          100%        2    ###....
 Shroud of Golubria       Chrm/Tloc      #.....       100%        2    ###....
 Slow                     Hex            #.......     100%        2    ###....
 Song of Slaying          Chrm           #.......     100%        2    ###....
 Sticks to Snakes         Tmut           #.......     100%        2    ###....
 Swiftness                Chrm/Air       #.......     100%        2    ###....
 Throw Flame              Conj/Fire      #.....       100%        2    ###....
 Conjure Flame            Conj/Fire      #.......     100%        3    ####...
 Inner Flame              Hex/Fire       #.......     100%        3    ####...
 Mephitic Cloud           Conj/Pois/Air  #.......     100%        3    ####...
 Portal Projectile        Hex/Tloc       #.....       100%        3    ####...
 Regeneration             Chrm/Necr      #.........   100%        3    ####...
 Spectral Weapon          Hex/Chrm       #.......     100%        3    ####...
 Spider Form              Tmut/Pois      #.........   100%        3    ####...
 Static Discharge         Conj/Air       #.......     100%        3    ####...
 Summon Guardian Golem    Hex/Summ       #.......     100%        3    ####...
 Airstrike                Air            #.........   100%        4    #####..
 Cause Fear               Hex            #.........   100%        4    #####..
 Ice Form                 Ice/Tmut       #.......     100%        4    #####..
 Leda's Liquefaction      Hex/Erth       #.........   100%        4    #####..
 Sticky Flame             Conj/Fire      #.......     100%        4    #####..
 Agony                    Necr           #.......     100%        5    ######.
 Blade Hands              Tmut           #.........   100%        5    ######.
 Bolt of Draining         Conj/Necr      #.........   100%        5    ######.
 Dispel Undead            Necr           #.......     100%        5    ######.
 Excruciating Wounds      Chrm/Necr      #.........   100%        5    ######.
 Fireball                 Conj/Fire      #.........   100%        5    ######.
 Irradiate                Conj/Tmut      #.........   100%        5    ######.
 Lightning Bolt           Conj/Air       #.........   100%        5    ######.
 Summon Forest            Summ/Tloc      #.........   100%        5    ######.
 Hydra Form               Tmut           #.........   100%        6    #######
 Dragon Form              Tmut           #.........   100%        7    #######
 Spellforged Servitor     Conj/Summ      #.........   100%        7    #######
 Ignition                 Fire           #.........   100%        8    #######
 Shatter                  Erth           #.........   100%        9    #######
 Tornado                  Air            #.........   100%        9    #######
 Sublimation of Blood     Necr           Unusable     N/A         2    N/A
 Statue Form              Tmut/Erth      Unusable     N/A         6    N/A

Dungeon Overview and Level Annotations

Branches:
Dungeon (15/15)            Temple (1/1) D:4            Lair (6/6) D:10
 Shoals (4/4) Lair:2       Spider (4/4) Lair:3        Slime (0/5) Lair:6
    Orc (2/2) D:12            Elf (3/3) Orc:2        Vaults (4/5) D:14
  Crypt (0/3) Vaults:3     Depths (5/5) D:15            Zot (0/5) Depths:5

Altars:
Ashenzari
Cheibriados
Dithmenos
Elyvilon
Fedhas
Gozag
Hepliaklqana
Kikubaaqudgha
Makhleb
Nemelex Xobeh
Okawaru
Qazlal
Ru
Sif Muna
Trog
Uskayaw
Vehumet
Wu Jian
Xom
Yredelemnul
Zin
The Shining One
Jiyva

Shops:
D:14 *?=   Orc:1 [(   Orc:2 [(!(   Shoals:2 }   Depths:1 :   Depths:4 }

Portals:
Hell: Depths:1 Depths:2 Depths:3 Depths:4 Depths:5
Abyss: Depths:2 Depths:4 Depths:5
Pandemonium: Depths:1 Depths:2 Depths:3
Ziggurat: Depths:3
Trove: Vaults:1 (give 9 potions of haste)


Innate Abilities, Weirdness & Mutations

You are resistant to torment.
Your stone body is resilient. (AC +20)
You are immune to poison.
Your large and strong wings let you fly indefinitely.
You resist negative energy. (rN+)
You are resistant to electric shocks. (rElec)
You can survive without breathing.
You are immune to petrification.
You are immune to rotting.
You are surrounded by a mild repulsion field. (EV +2)
Your flesh is cold resistant. (rC+)
Your flesh is heat resistant. (rF+)


Message History

There is an open door here.
The deep elf high priest mumbles some strange prayers to its god.
The deep elf high priest begins emitting a brilliant aura!
The deep elf high priest mumbles some strange prayers to its god against you.
Something smites you!
* * * LOW HITPOINT WARNING * * *
The deep elf annihilator casts a spell at you.
The bolt of lightning hits you! You resist.
* * * LOW HITPOINT WARNING * * *
You closely miss the deep elf high priest.
The deep elf high priest invokes the aid of its god against you.
Something smites you!
* * * LOW HITPOINT WARNING * * *
You thrash the deep elf high priest!!
The deep elf high priest is heavily wounded.
The deep elf high priest mumbles some strange prayers to its god.
The deep elf high priest begins emitting a brilliant aura!
The deep elf high priest calls down the wrath of its god upon you.
The sphere of damnation explodes!
The damnation engulfs you!!
You die...

#.....).......# ###[(##### **
#..####.####..# ##(# *
*#,#.......#..# #)# *
#.#.......#..# ##e## *
#.#....(..#..# ##e..## #
#.....8......# ##.....## #
#.#.......#..# ##.......## #
#.#.....).#.####.e.......####
#,#...(...#.@.e'°............
#.####)####)####.............
#.....[(([))# ##.......#....
#.......)<.## ##.....##....
#########.## ***##...###....
#.# **,..##+## #....
**#.#***,,...#,* *###..
*,...,*,,.....,* #...##
**,...,,,,,,,,,,**#.#.*#


You could see 2 deep elf high priests.

Vanquished Creatures
  Mara (Vaults:4)
  2 juggernauts (Depths:5)
  Sojobo (Depths:1)
  Frederick (Depths:4)
  3 caustic shrikes
  Nikola (Depths:2)
  3 golden dragons
  2 liches
  Jorgrun (Elf:1)
  3 tentacled monstrosities
  Asterion (Spider:2)
  2 titans
  A quicksilver dragon (Depths:4)
  4 deep elf master archers (Elf:3)
  4 deep elf blademasters (Elf:3)
  2 large abominations (Vaults:2)
  Polyphemus (Shoals:1)
  A sphinx (Depths:5)
  A kraken (Shoals:4)
  Agnes (Elf:1)
  Donald (Vaults:4)
  6 tengu reavers
  2 storm dragons
  A shadow dragon (Depths:4)
  2 draconian knights (Depths:5)
  9 vault wardens
  A draconian scorcher (Depths:5)
  12 deep elf sorcerers
  10 fire giants
  9 emperor scorpions
  A balrug (Depths:1)
  10 frost giants
  4 ghost moths
  A ghoul (Vaults:3)
  An orc warlord (Depths:5)
  Louise (Elf:1)
  4 spriggan defenders
  8 ironheart preservers
  4 deep elf elementalists
  Aizul (Shoals:1)
  A juggernaut skeleton (Depths:2)
  The ghost of Ludey the Markscentaur, a journeyman CeHu of Gozag (Elf:2)
  30 very ugly things
  2 vampire knights
  27 stone giants
  8 deep elf demonologists
  6 entropy weavers
  10 deep elf annihilators
  The ghost of Lexodia the Martial Artist, a journeyman GnTm of Wu Jian (D:14)
  4 small abominations
  12 spark wasps
  4 merfolk javelineers (Shoals:4)
  7 deep elf death magi
  8 ettins
  10 merfolk impalers
  2 jiangshi (Depths:5)
  Snorg (Lair:2)
  A green death (Depths:1)
  12 yaktaur captains
  13 fire dragons
  6 deep elf high priests
  8 vault guards
  10 hydras
  10 ice dragons
  15 great orbs of eyes
  A shambling mangrove (Lair:4)
  11 rakshasas
  3 catoblepae
  4 spriggan air magi
  6 merfolk avatars
  3 merfolk aquamancers
  2 alligator snapping turtles
  11 centaur warriors
  A death knight (Vaults:2)
  7 tengu warriors
  8 ogre magi
  37 dancing weapons
  32 two-headed ogres
  8 deep troll shamans
  A queen ant (Spider:2)
  10 deep troll earth magi
  3 satyrs (Shoals:4)
  10 death yaks
  2 sun demons (Depths:1)
  7 orc high priests
  4 vampire magi
  3 naga sharpshooters (Depths:5)
  3 spriggan berserkers
  9 hell knights
  A soul eater (Vaults:3)
  25 deep elf knights
  A golden dragon zombie (Depths:3)
  A titan skeleton (Depths:2)
  39 slime creatures
  15 deep trolls
  An iron troll (Depths:4)
  3 shadow wraiths
  4 unseen horrors
  A sea snake (shapeshifter) (Vaults:2)
  11 sea snakes
  4 glowing orange brains
  5 wolf spider zombies (Spider:3)
  6 necromancers
  4 phantasmal warriors
  10 wizards
  2 lindwurms (Lair:6)
  15 deep elf archers
  2 flayed ghosts
  18 orc knights
  Pikel (D:9)
  19 orb spiders
  A harpy (shapeshifter) (Elf:1)
  15 ironbrand convokers
  3 tengu skeletons
  90 deep elf magi
  An iron dragon zombie (Depths:3)
  54 ugly things
  8 harpies
  A shadow dragon skeleton (Depths:3)
  4 cyclopes
  5 orc sorcerers
  36 wolf spiders
  2 wolf spiders (shapeshifter)
  15 manticores
  7 fauns
  2 moths of wrath (Spider:1)
  Maurice (D:12)
  Joseph (Lair:1)
  A rust devil (Depths:1)
  7 merfolk sirens
  9 elephants
  7 black mambas
  3 black mambas (shapeshifter)
  A stone giant skeleton (Vaults:3)
  14 vault sentinels
  Psyche (D:11)
  An orc zombie (Vaults:3)
  7 water nymphs
  A torpor snail (shapeshifter) (Depths:5)
  A gargoyle (D:15)
  5 orange demons
  2 rime drakes
  8 torpor snails
  3 human zombies
  A kobold demonologist (D:13)
  3 komodo dragons
  16 spiny frogs
  6 redback zombies (Spider:3)
  4 freezing wraiths
  A komodo dragon (shapeshifter) (Vaults:3)
  8 demonic crawlers
  45 yaktaurs
  4 trolls (shapeshifter)
  A red devil (Depths:1)
  2 efreet
  A jumping spider (shapeshifter) (D:13)
  A queen bee (Lair:2)
  13 trolls
  A meliai (shapeshifter) (Vaults:3)
  13 tengu conjurers
  6 meliai
  37 jumping spiders
  43 merfolk
  2 polar bears
  3 tyrant leeches (Lair:6)
  2 wandering mushrooms (Lair:2)
  A tyrant leech (shapeshifter) (Depths:3)
  A hornet (shapeshifter) (Vaults:4)
  A wind drake (shapeshifter) (Depths:4)
  19 hornets
  9 tarantella zombies (Spider:3)
  12 blink frogs
  6 wind drakes
  A meliai zombie (D:13)
  14 snapping turtles
  7 dream sheep (Lair:6)
  A slime creature (shapeshifter) (Vaults:3)
  An ettin zombie (Depths:2)
  12 hippogriffs
  45 redbacks
  2 air elementals
  A shadow (D:13)
  20 tarantellas
  A spriggan (shapeshifter) (D:15)
  3 spriggans
  43 water elementals
  4 wraiths
  3 vampires
  26 yaks
  7 wyverns
  Eustachio (D:6)
  4 basilisks
  6 fire elementals
  3 human simulacra (Vaults:3)
  2 neqoxecs (D:14)
  2 steam dragons
  10 vampire mosquitoes
  Menkaure (D:5)
  2 insubstantial wisps (D:12)
  8 wargs
  A water moccasin (shapeshifter) (Depths:4)
  2 acid dragons
  14 soldier ants
  A floating eye (shapeshifter) (Elf:2)
  10 porcupines
  A swamp drake (shapeshifter) (D:15)
  17 water moccasins
  7 floating eyes
  50 orc warriors
  9 sky beasts
  3 black bears
  2 eyes of draining
  2 phantoms
  20 boggarts
  6 ice beasts
  2 necrophages
  24 ogres
  9 wolves
  16 centaurs
  20 crocodiles
  3 big kobolds
  23 bullfrogs
  3 earth elementals (Elf:1)
  A wyvern skeleton (D:13)
  6 scorpions
  A water moccasin skeleton (D:6)
  31 killer bees
  8 wights
  A howler monkey (shapeshifter) (D:14)
  8 howler monkeys
  4 electric eels
  3 centaur zombies
  4 crimson imps
  2 quasits
  A bullfrog zombie (D:7)
  4 jellies
  9 hounds
  A jelly (shapeshifter) (D:14)
  26 orc priests
  6 centaur skeletons
  2 iguanas
  29 orc wizards
  Natasha (thrice) (D:3)
  21 worker ants
  2 hell rats
  2 hound skeletons
  2 worker ant zombies
  3 gnolls (D:5)
  An adder (shapeshifter) (D:14)
  16 adders
  3 river rats
  6 shadow imps
  A white imp (Depths:3)
  An ooze (shapeshifter) (D:14)
  3 oozes
  An adder zombie (D:6)
  10 worms
  2 dart slugs
  9 leopard geckos
  111 orcs
  10 giant cockroaches
  6 goblins
  11 hobgoblins
  8 jackals
  15 kobolds
  4 quokkas
  6 ball pythons
  13 bats
  4 frilled lizards
  2 leopard gecko skeletons
  A quokka skeleton (D:4)
  10 rats
  A crawling corpse (Elf:3)
  4 plants
  3 tentacles (Shoals:4)
2203 creatures vanquished.

Vanquished Creatures (collateral kills)
  An orc warrior (D:10)
  A necrophage (D:10)
  A bullfrog (D:10)
  A worker ant (D:10)
4 creatures vanquished.

Vanquished Creatures (others)
  A shadow wraith (Vaults:1)
  An unseen horror (shapeshifter) (Depths:3)
  A wizard (Vaults:1)
  A deep elf mage (Elf:3)
  A jumping spider (Spider:2)
  A sky beast (shapeshifter) (Vaults:3)
  2 orc warriors (Depths:5)
  An orc wizard (Vaults:1)
  An orc (Depths:5)
  11 fungi
  70 plants
  10 tentacles (Shoals:4)
101 creatures vanquished.

Grand Total: 2308 creatures vanquished

Notes
Turn   | Place    | Note
-------+----------+-------------------------------------------
     0 | D:1      | Kisielow the Gargoyle Fighter began the quest for the Orb.
     0 | D:1      | Reached XP level 1. HP: 14/14 MP: 1/1
    80 | D:1      | Reached XP level 2. HP: 19/19 MP: 2/2
   142 | D:1      | Reached skill level 3 in Maces & Flails
   306 | D:1      | Reached XP level 3. HP: 22/23 MP: 3/3
   883 | D:2      | Reached skill level 4 in Maces & Flails
  1082 | D:2      | Reached XP level 4. HP: 26/28 MP: 4/4
  1856 | D:3      | Reached XP level 5. HP: 25/32 MP: 5/5
  1943 | D:3      | Noticed a centaur
  1957 | D:3      | Killed a centaur
  2020 | D:3      | Reached XP level 6. HP: 30/38 MP: 6/6
  2028 | D:3      | Reached skill level 5 in Maces & Flails
  2113 | D:3      | Noticed Natasha
  2135 | D:3      | Killed Natasha
  2240 | D:3      | Found a glowing golden altar of the Shining One.
  2242 | D:3      | Found a deep blue altar of Sif Muna.
  2242 | D:3      | Found a shattered altar of Ashenzari.
  2883 | D:3      | Noticed Natasha
  2891 | D:3      | Killed Natasha
  2922 | D:3      | Noticed Natasha
  2928 | D:3      | Killed Natasha
  2952 | D:4      | Found an ancient bone altar of Kikubaaqudgha.
  3108 | D:4      | Found a staircase to the Ecumenical Temple.
  3131 | Temple   | Entered the Ecumenical Temple
  3241 | Temple   | Became a worshipper of Qazlal Stormbringer
  3621 | D:4      | Reached XP level 7. HP: 44/44 MP: 7/7
  3981 | D:5      | Entered Level 5 of the Dungeon
  4059 | D:5      | Reached skill level 6 in Maces & Flails
  4079 | D:4      | Found a glowing silver altar of Zin.
  4079 | D:4      | Found a bloodstained altar of Trog.
  4107 | D:5      | Noticed Menkaure
  4227 | D:6      | Reached skill level 5 in Shields
  4241 | D:5      | Killed Menkaure
  4241 | D:5      | Reached skill level 5 in Fighting
  4241 | D:5      | Reached skill level 5 in Armour
  4241 | D:5      | Reached XP level 8. HP: 18/49 MP: 8/8
  4393 | D:5      | Reached * piety under Qazlal
  4484 | D:5      | Found a glowing drain.
  4508 | Sewer    | Entered a sewer
  4596 | Sewer    | Reached skill level 7 in Maces & Flails
  5071 | D:6      | Noticed Eustachio
  5097 | D:6      | Reached ** piety under Qazlal
  5142 | D:6      | Reached XP level 9. HP: 39/55 MP: 9/9
  5156 | D:6      | Killed Eustachio
  5156 | D:6      | Reached skill level 8 in Maces & Flails
  5632 | D:7      | Found a burning altar of Makhleb.
  5722 | D:7      | You fall into a shaft and drop 3 floors!
  5722 | D:10     | Entered Level 10 of the Dungeon
  5803 | D:9      | Reached *** piety under Qazlal
  5810 | D:9      | Reached skill level 9 in Maces & Flails
  5893 | D:9      | Noticed a two-headed ogre
  5902 | D:9      | Killed a two-headed ogre
  5902 | D:9      | Reached XP level 10. HP: 48/63 MP: 10/10
  6141 | D:9      | Noticed a two-headed ogre
  6149 | D:9      | Killed a two-headed ogre
  6149 | D:9      | Reached skill level 10 in Maces & Flails
  7243 | D:8      | Found a white marble altar of Elyvilon.
  7325 | D:8      | Reached **** piety under Qazlal
  7667 | D:8      | Found a hazy altar of Hepliaklqana.
  7668 | D:8      | Found a shimmering altar of Xom.
  7669 | D:8      | Noticed a spectral ugly thing
  7771 | D:8      | Found a sparkling altar of Nemelex Xobeh.
  7963 | D:9      | Noticed Pikel
  7974 | D:9      | Killed Pikel
  7974 | D:9      | Reached XP level 11. HP: 69/69 MP: 11/11
  8296 | D:10     | Noticed a two-headed ogre
  8302 | D:10     | Reached skill level 11 in Maces & Flails
  8331 | D:10     | Killed a two-headed ogre
  8633 | D:10     | Reached ***** piety under Qazlal
  9231 | D:10     | Found a staircase to the Lair.
  9337 | Lair:1   | Entered Level 1 of the Lair of Beasts
  9355 | Lair:1   | Noticed Joseph
  9387 | Lair:1   | Killed Joseph
  9528 | Lair:1   | Reached skill level 12 in Maces & Flails
  9607 | Lair:1   | Noticed a seven-headed hydra
  9626 | Lair:1   | Killed a seven-headed hydra
  9798 | Lair:1   | Noticed a four-headed hydra
  9805 | Lair:1   | Killed a four-headed hydra
  9805 | Lair:1   | Reached XP level 12. HP: 66/77 MP: 12/12
 10499 | Lair:2   | Reached skill level 10 in Fighting
 10506 | Lair:2   | Reached skill level 10 in Shields
 10524 | Lair:2   | Reached skill level 10 in Armour
 10942 | Lair:2   | Reached skill level 13 in Maces & Flails
 11307 | Lair:2   | Noticed a five-headed hydra
 11318 | Lair:2   | Killed a five-headed hydra
 11318 | Lair:2   | Reached skill level 1 in Evocations
 11464 | Lair:2   | Reached XP level 13. HP: 74/83 MP: 5/16
 11522 | Lair:2   | Found a staircase to the Shoals.
 11563 | Lair:2   | Reached skill level 5 in Invocations
 12363 | Lair:3   | Noticed Snorg
 12385 | Lair:2   | Killed Snorg
 12737 | Lair:3   | Found a hole to the Spider Nest.
 13871 | Lair:4   | Reached skill level 5 in Evocations
 14835 | Lair:5   | Reached skill level 10 in Invocations
 14845 | Lair:4   | Gained mutation: Your large and strong wings let you fly
                  | indefinitely. [Gargoyle growth]
 14845 | Lair:4   | Reached XP level 14. HP: 49/88 MP: 9/21
 15637 | Lair:6   | Entered Level 6 of the Lair of Beasts
 15849 | Lair:6   | Found a viscous altar of Jiyva.
 15849 | Lair:6   | Found a staircase to the Slime Pits.
 16312 | Lair:6   | Found a runed translucent door.
 17187 | Lair:6   | Got a heavily runed scale mail
 17196 | Lair:6   | Identified the +3 scale mail "Arucw" {rF+ Dex+3} (You found
                  | it on level 6 of the Lair of Beasts)
 17911 | D:11     | Noticed Psyche
 17916 | D:11     | Killed Psyche
 18545 | D:12     | Reached XP level 15. HP: 95/95 MP: 24/24
 18862 | D:12     | Noticed Maurice
 18892 | D:12     | Killed Maurice
 19293 | D:12     | Reached skill level 14 in Maces & Flails
 19306 | D:12     | Found a staircase to the Orcish Mines.
 19466 | Orc:1    | Entered Level 1 of the Orcish Mines
 19481 | Orc:1    | Found Ecry's Armour Boutique.
 19579 | Orc:1    | Bought the +9 scales of the Dragon King {rPois rF+ rC+ MR+}
                  | for 1747 gold pieces
 19579 | Orc:1    | Found the +9 scales of the Dragon King {rPois rF+ rC+ MR+}
 19613 | Orc:1    | Found Hyededgheff's Antique Weapon Emporium.
 20497 | Orc:2    | Entered Level 2 of the Orcish Mines
 20497 | Orc:2    | Found a staircase to the Elven Halls.
 21132 | Orc:2    | Reached ****** piety under Qazlal
 21137 | Orc:2    | Found Minoilis's Antique Armour Emporium.
 21137 | Orc:2    | Found Obuvam's Weapon Shop.
 21517 | Orc:2    | Found Zimicsi's Antique Weapon Emporium.
 21517 | Orc:2    | Found Geuc Nui's Distillery.
 22623 | D:14     | Reached skill level 15 in Maces & Flails
 22680 | D:14     | Found Keokos's Jewellery Shoppe.
 22812 | D:14     | Found Fassenops's Assorted Antiques.
 22815 | D:14     | Found a runed translucent gate.
 22815 | D:14     | Found a runed translucent gate.
 22815 | D:14     | Found a runed translucent gate.
 22834 | D:14     | Bought a scroll labeled RIVAMEC BIUF for 28 gold pieces
 22881 | D:14     | Found Faunoz's Magic Scroll Boutique.
 22887 | D:14     | Bought a scroll of enchant weapon for 90 gold pieces
 22887 | D:14     | Bought a scroll of enchant weapon for 90 gold pieces
 23090 | D:14     | Reached XP level 16. HP: 87/103 MP: 25/25
 23091 | D:14     | Found a gate to the Vaults.
 23674 | D:14     | Found a runed translucent gate.
 23674 | D:14     | Found a runed translucent gate.
 23688 | D:14     | Found a runed translucent gate.
 23688 | D:14     | Noticed Lexodia's ghost (journeyman GnTm)
 23724 | D:14     | Killed Lexodia's ghost
 23752 | D:14     | Got a pair of twisted gloves
 23775 | D:14     | Identified the +0 pair of gloves "Veg Cafy" {rN+ Stlth+}
                  | (You found it on level 14 of the Dungeon)
 23825 | D:15     | Entered Level 15 of the Dungeon
 24245 | D:15     | Found a staircase to the Depths.
 25329 | Shoals:1 | Entered Level 1 of the Shoals
 25333 | Shoals:1 | Noticed Aizul
 25368 | Shoals:1 | Killed Aizul
 25397 | Lair:2   | Reached skill level 16 in Maces & Flails
 26474 | Shoals:2 | Noticed Polyphemus
 26489 | Shoals:1 | Killed Polyphemus
 26789 | Shoals:2 | Found Puss's Gadget Shop.
 26805 | Shoals:2 | Reached XP level 17. HP: 109/109 MP: 27/27
 28262 | Shoals:4 | Entered Level 4 of the Shoals
 28388 | Shoals:3 | Reached skill level 15 in Invocations
 29323 | Shoals:4 | Noticed a kraken
 29762 | Shoals:4 | Killed a kraken
 30596 | Shoals:4 | Got a barnacled rune of Zot
 31121 | Spider:1 | Entered Level 1 of the Spider Nest
 31327 | Spider:1 | Reached XP level 18. HP: 115/115 MP: 30/30
 32073 | Spider:2 | Noticed Asterion
 32275 | Spider:2 | Killed Asterion
 34154 | Spider:4 | Entered Level 4 of the Spider Nest
 34170 | Spider:4 | Reached skill level 17 in Maces & Flails
 34724 | Spider:4 | Reached XP level 19. HP: 94/121 MP: 15/32
 34899 | Spider:4 | Got a gossamer rune of Zot
 35805 | Vaults:1 | Entered Level 1 of the Vaults
 36148 | Vaults:1 | Reached skill level 18 in Maces & Flails
 36717 | Vaults:1 | Found a portal to a secret trove of treasure.
 37204 | Vaults:2 | Reached skill level 15 in Fighting
 37327 | Vaults:2 | Reached XP level 20. HP: 66/129 MP: 33/33
 37879 | Vaults:2 | Reached skill level 15 in Armour
 37892 | Vaults:2 | Reached skill level 15 in Shields
 38451 | Vaults:2 | Found the +3 giant club "Skullcrusher" {speed, Str+7}
 39034 | Vaults:2 | Reached skill level 19 in Maces & Flails
 40466 | Vaults:3 | Reached XP level 21. HP: 136/136 MP: 34/34
 40951 | Vaults:3 | Found a staircase to the Crypt.
 41598 | Vaults:4 | Noticed Donald
 41602 | Vaults:4 | Killed Donald
 41608 | Vaults:4 | Reached skill level 20 in Maces & Flails
 41628 | Vaults:4 | Noticed Mara
 41667 | Vaults:4 | Noticed Kisielow's illusion
 41716 | Vaults:4 | Killed Mara
 42113 | Vaults:4 | Gained mutation: Your body sometimes deteriorates upon
                  | taking damage. [a cacodemon]
 42117 | Vaults:4 | Gained mutation: You are frail. (-10% HP) [a cacodemon]
 42128 | Vaults:4 | Gained mutation: Scrolls take you a little longer to read.
                  | [a cacodemon]
 42346 | Vaults:4 | Lost mutation: Your body sometimes deteriorates upon taking
                  | damage. [potion of mutation]
 42346 | Vaults:4 | Lost mutation: You are frail. (-10% HP) [potion of
                  | mutation]
 42346 | Vaults:4 | Gained mutation: You evolve. [potion of mutation]
 42347 | Vaults:4 | Lost mutation: Scrolls take you a little longer to read.
                  | [potion of mutation]
 42347 | Vaults:4 | Lost mutation: You evolve. [potion of mutation]
 42347 | Vaults:4 | Gained mutation: Your flesh is heat resistant. (rF+)
                  | [potion of mutation]
 42347 | Vaults:4 | Gained mutation: You are surrounded by a mild repulsion
                  | field. (EV +2) [potion of mutation]
 42347 | Vaults:4 | Gained mutation: Your flesh is cold resistant. (rC+)
                  | [potion of mutation]
 43000 | Depths:1 | Entered Level 1 of the Depths
 43000 | Depths:1 | Found Ekhir's Book Shoppe.
 43001 | Depths:1 | Found a runed translucent door.
 43003 | Depths:1 | Noticed Sojobo
 43046 | Depths:1 | Killed Sojobo
 43493 | Depths:1 | Reached XP level 22. HP: 144/144 MP: 27/35
 43624 | Depths:1 | Paralysed by a great orb of eyes for 6 turns
 43978 | Depths:1 | Found a one-way gate leading to the halls of Pandemonium.
 44199 | Depths:1 | Found a gateway to Hell.
 44869 | Depths:2 | Reached skill level 21 in Maces & Flails
 45214 | Depths:2 | Paralysed by a floating eye for 4 turns
 45310 | Depths:2 | Noticed Nikola
 45327 | Depths:2 | Killed Nikola
 45623 | Depths:2 | You are sucked into a shaft and drop 2 floors!
 45629 | Depths:3 | Found a gateway to a ziggurat.
 45776 | Depths:3 | Reached XP level 23. HP: 87/151 MP: 36/36
 46348 | Depths:3 | Paralysed by a floating eye for 4 turns
 47060 | Depths:2 | Found a one-way gate to the infinite horrors of the Abyss.
 47165 | Depths:2 | Reached skill level 22 in Maces & Flails
 47724 | Depths:4 | Noticed a caustic shrike
 47737 | Depths:4 | Killed a caustic shrike
 48152 | Depths:4 | Noticed a golden dragon
 48164 | Depths:4 | Noticed a caustic shrike
 48165 | Depths:4 | Killed a golden dragon
 48185 | Depths:4 | Killed a caustic shrike
 48266 | Depths:4 | Reached XP level 24. HP: 70/157 MP: 33/37
 48664 | Depths:4 | Found Wicaosio's Gadget Emporium.
 48701 | Depths:4 | Noticed Frederick
 48719 | Depths:4 | Killed Frederick
 49333 | Depths:5 | Entered Level 5 of the Depths
 49367 | Depths:5 | Paralysed by a floating eye for 4 turns
 49540 | Depths:5 | Paralysed by a floating eye for 3 turns
 49556 | Depths:5 | Noticed a juggernaut
 49579 | Depths:5 | Killed a juggernaut
 49579 | Depths:5 | Noticed a juggernaut
 49608 | Depths:5 | Killed a juggernaut
 49626 | Depths:5 | Paralysed by a floating eye for 2 turns
 49648 | Depths:5 | Identified the ring of Yrits {rC+++ Int-4 Slay-5 SInv
                  | Stlth-}
 50033 | Depths:5 | Found a hide-covered altar of Uskayaw.
 50043 | Depths:5 | Identified the ring of the Thirteen Wishes {rPois Int+4}
 50356 | Depths:5 | Identified the ring "Weisuebo" {rPois rC+}
 50359 | Depths:5 | Noticed a caustic shrike
 50375 | Depths:5 | Killed a caustic shrike
 50380 | Depths:5 | Killed a ghostly caustic shrike
 50461 | Depths:5 | Paralysed by a floating eye for 3 turns
 50541 | Depths:5 | Found a gate to the Realm of Zot.
 50829 | Depths:5 | Reached XP level 25. HP: 136/164 MP: 37/37
 50940 | Depths:5 | Found a shadowy altar of Dithmenos.
 50948 | Depths:5 | Reached skill level 23 in Maces & Flails
 51181 | Elf:1    | Entered Level 1 of the Elven Halls
 51240 | Elf:1    | Found a flickering gateway to a bazaar.
 51250 | Bazaar   | Entered a bazaar
 51315 | Bazaar   | Found Fileon's Assorted Antiques.
 51326 | Bazaar   | Found Veos Nisue's Book Shoppe.
 51347 | Bazaar   | Found Boyshre Imi's Distillery.
 51353 | Bazaar   | Bought a potion of mutation for 88 gold pieces
 51867 | Elf:1    | Noticed Jorgrun
 51871 | Elf:1    | Noticed Louise
 51880 | Elf:1    | Killed Jorgrun
 51891 | Elf:1    | Killed Louise
 51942 | Elf:1    | Noticed Agnes
 51958 | Elf:1    | Killed Agnes
 52301 | Elf:1    | Identified the Disquisition on Calling
 52999 | Elf:2    | Found a runed translucent gate.
 53000 | Elf:2    | Noticed Ludey's ghost (journeyman CeHu)
 53001 | Elf:2    | Found a runed translucent gate.
 53004 | Elf:2    | Found a runed translucent gate.
 53133 | Elf:2    | Found a huge runed translucent gate.
 53133 | Elf:2    | Found a huge runed translucent gate.
 53133 | Elf:2    | Found a huge runed translucent gate.
 53136 | Elf:2    | Found a huge runed translucent gate.
 53137 | Elf:2    | Found a huge runed translucent gate.
 53491 | Elf:2    | Killed Ludey's ghost
 53988 | Elf:3    | Entered Level 3 of the Elven Halls
 54142 | Elf:3    | Identified the ring "Loymappe" {rPois rC++ Slay+3 SInv
                  | Stlth-}
 54200 | Elf:3    | Reached XP level 26. HP: 90/172 MP: 33/37
 54225 | Elf:3    | Reached skill level 24 in Maces & Flails
 54693 | Elf:3    | Identified the cursed +0 robe "Soulean" {rPois rC+ Str+4}
 54757 | Elf:3    | Killed from afar by a deep elf high priest

Levels and vault maps discovered:
D:1:      shiori_shiawase, layout_basic
D:2:      layout_basic, minmay_increasing_density
D:3:      layout_basic, gammafunk_temple_overflow_claw, uniq_natasha
D:4:      minmay_chambers_of_fours, layout_cave_pools,
          nicolae_overflow_hidden_temple, minmay_temple_entry_glass,
          first_ration
D:5:      layout_rooms, portal_sewer_entry_b, uniq_menkaure
D:6:      layout_rooms, uniq_eustachio
D:7:      layout_basic, nicolae_overflow_crystal_walls, nicolae_water_bricks,
          the_bakery
D:8:      layout_loops_ring, regret_index_temple_of_mockery, elyvilon_altar_3,
          nemelex_dance_club_becter
D:9:      layout_big_octagon, serial_column_ruins,
          column_ruins_corridor_straight, column_ruins_open_small,
          column_ruins_grid_1, column_ruins_grid_3, uniq_pikel
D:10:     kennysheep_ambush_hall, layout_basic, grunt_lair_entry_orc_guard_hut
D:11:     layout_basic, uniq_psyche
D:12:     layout_stronghold, erik_orc_2, hangedman_misty_isle, uniq_maurice
D:13:     layout_loops_ring, einodemon_barbed_minivault
D:14:     layout_loops_corners, david_vaults_1,
          ploomutoo_gammafunk_ghost_potion_laboratory,
          chequers_serial_rivers_room_a, serial_shops,
          nicolae_shop_window_shopping, shop, shop
D:15:     grunt_enter_depths_giant_problem, layout_irregular_city, minivault_24
Temple:   hc_temple_tempest_star
Lair:1:   layout_loops_ring, uniq_joseph
Lair:2:   regret_index_harrowing_hell_hive, layout_cave_pods,
          elwin_shoals_entry_stream
Lair:3:   layout_cave_pods, nicolae_spider_entry_tight_spaces, uniq_snorg
Lair:4:   layout_misc_corridors, serial_bayou_crossing
Lair:5:   layout_long_grid, lemuel_fruit_fields, grunt_megastairs_2
Lair:6:   hangedman_lair_in_review, layout_misc_corridors, wormcave,
          dpeg_slime_entry_enclosed_altar
Shoals:1: layout_shoals, kb_tengu_band, uniq_aizul
Shoals:2: layout_shoals, serial_shops, shop, uniq_polyphemus
Shoals:3: layout_shoals
Shoals:4: shoals_end_hangedman, layout_shoals
Spider:1: nicolae_spider_hall_of_the_moth_king
Spider:2: layout_spider_delve, minmay_another_anthill, uniq_asterion
Spider:3: lemuel_spider_zombies, drop_trap, hive_lemuel
Spider:4: grunt_spider_rune_circles
Orc:1:    layout_caves, serial_shops, shop, shop, mines_bat_river
Orc:2:    grunt_orc_tribal_feast, layout_diamond_mine
Elf:1:    elf_arrival_001, layout_onion_city, serial_shops, bzr_entry_islet,
          minmay_elf_demonology, hangedman_elf_represent, uniq_louise,
          uniq_agnes, uniq_jorgrun
Elf:2:    layout_onion_city, ebering_ghost_rock_garden, evilmike_ambush
          [evilmike_ambush_outer_basic, evilmike_ambush_inner_basic]
Elf:3:    nooodl_elf_gasket, layout_loops_corners, serial_shops, shop,
          minivault_28
Vaults:1: vaults_room_stairs_pillars, ontoclasm_vaults_ring_large,
          nicolae_vaults_yaktaur_gun_rack, vaults_room_pool,
          ontoclasm_vaults_decontamination, nicolae_vaults_ring_of_whatevers,
          v_misc_10, vaults_mumra_lcd, nicolae_vaults_little_squares_3,
          nicolae_vaults_little_squares_2, nicolae_vaults_network_square,
          vaults_dpeg_cross, vaults_room_grunt_arrival_ludios,
          grunt_vaults_hallway_long, vaults_room_door_hall,
          vaults_dpeg_diagonal, layout_vaults_ring, nicolae_trove_entry_crystal
Vaults:2: nicolae_vaults_little_squares_4, vaults_room_ringed_pool,
          hangedman_vaults_stagger, v_alt_pattern_2, ontoclasm_vaults_eye,
          hangedman_vaults_nails, nicolae_vaults_windows_and_doors_thing,
          dpeg_vaults_monster_row, layout_vaults_maze_snakey
Vaults:3: nicolae_vaults_know_your_exits, vaults_dpeg_ring, v_misc_12,
          vaults_room_door_hall, v_misc_11, nicolae_vaults_diagonal_hallway_6,
          nicolae_vaults_specimen_jars, hangedman_vaults_slice,
          dpeg_vaults_monster_box, vaults_mumra_hex, layout_vaults_omnigrid,
          minmay_crypt_entry_simple_sparse
Vaults:4: v_misc_18, v_misc_14, st_cross, nicolae_vaults_circle_grid_b,
          v_misc_14, hangedman_vaults_snaps, nicolae_vaults_network_periphery,
          vaults_room_pools, ontoclasm_vaults_claustrophobia,
          hangedman_vaults_restitches, nicolae_vaults_little_squares_4,
          nicolae_vaults_alarming, vaults_dpeg_hooks, layout_vaults_big_cross,
          uniq_mara, uniq_donald
Depths:1: evilmike_marble_ring, layout_gridlike, lightli_too_deep,
          rand_demon_pan_entry_5, serial_shops, shop, kennysheep_treasure_room,
          uniq_sojobo
Depths:2: minmay_textured_paths, layout_cave_pools, skrybe_limestone_x,
          hangedman_abyss_entry_splay, hell_entry, serial_bayou,
          serial_bayou_pond_a, serial_bayou_pond_b, serial_bayou_pond_b,
          serial_bayou_shore_b, serial_bayou_lake_a, serial_bayou_pond_e,
          pan_entry, serial_bayou_shore_b, uniq_nikola
Depths:3: minmay_box_of_statues, layout_long_grid, enter_ziggurat_e, pan_entry,
          hangedman_coc_ice_floe, kennysheep_cross_bottleneck
Depths:4: lemuel_traditional_vault, layout_gridlike, serial_shops, shop,
          hell_entry, abyss_entry, serial_bayou_shore_a, uniq_frederick
Depths:5: hangedman_spin_cycle, abyss_entry, hell_entry

Skill      XL: |  1  2  3  4  5  6  7  8  9 10 11 12 13 14 15 16 17 18 19 20 21 22 23 24 25 26 |
---------------+-------------------------------------------------------------------------------+-----
Maces & Flails | 3 4 5 6 7 9 10 12 13 15 16 17 18 19 20 21 22 23 24 | 24.1
Fighting       | 4 5 6 7 8 9 10 11 12 13 14 15 16 17 18 19 | 19.8
Shields        | 4 5 6 7 8 9 10 11 12 13 14 15 16 17 18 19 | 19.6
Armour         | 4 5 6 7 8 9 10 11 12 13 14 15 16 17 19 20 21 | 21.1
Invocations    | 4 10 13 17 18 20 | 20.0
Evocations     | 2 6 7 |  7.0

Action                   |  1- 3 |  4- 6 |  7- 9 | 10-12 | 13-15 | 16-18 | 19-21 | 22-24 | 25-27 || total
-------------------------+-------+-------+-------+-------+-------+-------+-------+-------+-------++-------
Melee: Flail             |   129 |   298 |   416 |   240 |   366 |       |       |       |       ||  1449
       Whip              |       |       |       |   616 |  1404 |       |       |       |       ||  2020
       Demon whip        |       |       |       |       |    43 |  1609 |  1682 |  1878 |   836 ||  6048
Invok: Upheaval          |       |       |       |     3 |    28 |    48 |    37 |    36 |     8 ||   160
       Disaster Area     |       |       |       |       |     1 |     1 |     4 |     3 |     2 ||    11
 Abil: Fly               |       |       |       |       |     1 |       |       |       |       ||     1
Evoke: Wand              |       |       |       |       |    10 |     4 |       |       |       ||    14
       Lightning rod     |       |       |       |       |       |       |       |     1 |       ||     1
  Use: Scroll            |       |    10 |     6 |     9 |    17 |    10 |    12 |     3 |     6 ||    73
       Potion            |       |     1 |     6 |     1 |     7 |     2 |     8 |    10 |     4 ||    39
 Stab: Distracted        |       |       |       |       |       |       |       |       |     1 ||     1
  Eat: Chunk             |     1 |     9 |     8 |    18 |    35 |    20 |    23 |    18 |     9 ||   141
       Ration            |       |       |       |       |     1 |     5 |     2 |     2 |     1 ||    11
Armor: Scale mail        |    86 |   159 |   119 |       |       |       |       |       |       ||   364
       Chain mail        |       |       |    57 |    72 |       |       |       |       |       ||   129
       Plate armour      |       |       |       |   254 |   317 |       |       |       |       ||   571
       Ice dragon scales |       |       |       |       |    70 |       |       |       |       ||    70
       Gold dragon scale |       |       |       |       |   222 |   963 |   604 |   717 |   143 ||  2649
Dodge: Dodged            |    45 |    94 |   105 |   106 |   173 |   204 |   117 |   173 |    43 ||  1060
       Deflected         |       |       |       |     1 |     2 |    21 |     9 |    15 |    21 ||    69
Block: Shield            |    79 |   184 |   286 |   662 |  1421 |  1544 |   559 |       |       ||  4735
       Large shield      |       |       |       |       |       |       |   874 |  1910 |   721 ||  3505

Table legend:
 A = Non-vault XP
 B = Vault XP
 C = Vault XP percentage of total XP
 D = Non-vault monster count
 E = Vault monster count
 F = Vault count percentage of total count
                 A         B        C        D         E       F
            +---------+---------+-------+---------+---------+-------
      Total |  536147 |  606902 |  53.1 |    1349 |     857 |  38.8
            +---------+---------+-------+---------+---------+-------
        D:1 |      47 |       0 |   0.0 |      20 |       0 |   0.0
        D:2 |      54 |      27 |  33.3 |      23 |       7 |  23.3
        D:3 |     365 |      35 |   8.8 |      43 |       1 |   2.3
        D:4 |      90 |     146 |  61.9 |       6 |       5 |  45.5
        D:5 |     465 |     188 |  28.8 |      14 |       5 |  26.3
        D:6 |    1404 |     191 |  12.0 |      35 |       1 |   2.8
        D:7 |     606 |     215 |  26.2 |      20 |       1 |   4.8
        D:8 |    1055 |     116 |   9.9 |      25 |       2 |   7.4
        D:9 |    3196 |     617 |  16.2 |      23 |       1 |   4.2
       D:10 |    2920 |    1281 |  30.5 |      24 |      10 |  29.4
       D:11 |    4657 |     434 |   8.5 |      30 |       1 |   3.2
       D:12 |    2883 |    2189 |  43.2 |      22 |      28 |  56.0
       D:13 |   10796 |    2893 |  21.1 |      38 |       9 |  19.1
       D:14 |   11499 |   13344 |  53.7 |      38 |      25 |  39.7
       D:15 |   11971 |    1754 |  12.8 |      44 |       1 |   2.2
     Lair:1 |    5818 |     475 |   7.5 |      22 |       1 |   4.3
     Lair:2 |   13180 |    9715 |  42.4 |      37 |      57 |  60.6
     Lair:3 |    7210 |    1509 |  17.3 |      27 |       6 |  18.2
     Lair:4 |    6359 |       0 |   0.0 |      24 |       0 |   0.0
     Lair:5 |    6803 |     649 |   8.7 |      16 |       3 |  15.8
     Lair:6 |    5941 |   17636 |  74.8 |      17 |      39 |  69.6
   Shoals:1 |    5632 |    4415 |  43.9 |      12 |       3 |  20.0
   Shoals:2 |    6292 |    2661 |  29.7 |      17 |       3 |  15.0
   Shoals:3 |   13258 |       0 |   0.0 |      28 |       0 |   0.0
   Shoals:4 |   21659 |   18547 |  46.1 |      41 |      31 |  43.1
   Spider:1 |   16725 |    8106 |  32.6 |      42 |      16 |  27.6
   Spider:2 |   11729 |    8824 |  42.9 |      30 |      29 |  49.2
   Spider:3 |    9156 |   10405 |  53.2 |      22 |      24 |  52.2
   Spider:4 |   10834 |   23509 |  68.5 |      26 |      39 |  60.0
      Orc:1 |    1709 |      18 |   1.0 |      30 |       7 |  18.9
      Orc:2 |    3878 |    7648 |  66.4 |      27 |      30 |  52.6
      Elf:1 |   25552 |   21786 |  46.0 |      47 |      25 |  34.7
      Elf:2 |   13924 |   38236 |  73.3 |      25 |      50 |  66.7
      Elf:3 |   11410 |   63327 |  84.7 |      18 |      48 |  72.7
   Vaults:1 |   29704 |   13259 |  30.9 |      50 |      17 |  25.4
   Vaults:2 |   34922 |   26740 |  43.4 |      47 |      44 |  48.4
   Vaults:3 |   34595 |   31259 |  47.5 |      65 |      52 |  44.4
   Vaults:4 |   29482 |   26676 |  47.5 |      44 |      18 |  29.0
   Depths:1 |   20087 |   44950 |  69.1 |      42 |      35 |  45.5
   Depths:2 |   43121 |   25215 |  36.9 |      56 |      16 |  22.2
   Depths:3 |   51832 |   20760 |  28.6 |      73 |      22 |  23.2
   Depths:4 |   42281 |   53763 |  56.0 |      58 |      26 |  31.0
   Depths:5 |    1046 |  103112 |  99.0 |       1 |     101 |  99.0
      Sewer |       0 |     272 | 100.0 |       0 |      18 | 100.0
            +---------+---------+-------+---------+---------+-------
